 Dungeon Crawl Stone Soup version 0.26-a0-642-g67e99244d3 (webtiles) character file.

Game seed: 14428168342145793160

23 tape the Stinger (level 2, 17/17 HPs)
             Began as an Octopode Venom Mage on Sept 21, 2020.
             Quit the game on level 1 of the Dungeon.
             The game lasted 00:01:25 (457 turns).

tape the Stinger (Octopode Venom Mage)               Turns: 457, Time: 00:01:25

Health: 17/17      AC:  1    Str:  7    XL:     2   Next: 95%
Magic:  5/5        EV: 13    Int: 17    God:
Gold:   39         SH:  0    Dex: 12    Spells: 4/5 levels left

rFire    . . .     SeeInvis .   e - -1 spear (curse)
rCold    . . .     Faith    .   (no shield)
rNeg     . . .     Spirit   .   (helmet restricted)
rPois    .         Reflect  .   d - amulet of inaccuracy (curse)
rElec    .         Harm     .   (no ring)
rCorr    .         Rampage  .   (no ring)
MR       .....                  (no ring)
Stlth    +++.......             (no ring)
HPRegen  0.05/turn              (no ring)
MPRegen  0.09/turn              (no ring)
                                (no ring)
                                (no ring)

@: no status effects
A: almost no armour, stealthy swim, amphibious, 8 rings, constrict 8, camouflage
1, gelatinous body 1
a: no special abilities


You were on level 1 of the Dungeon.
You visited 1 branch of the dungeon, and saw 1 of its levels.

You collected 39 gold pieces.

Inventory:

Hand Weapons
 a - a +0 dagger
 e - a cursed -1 spear (weapon)
Jewellery
 d - a cursed amulet of inaccuracy (around mantle)


   Skills:
 - Level 2.0 Dodging
 - Level 2.6 Stealth
 + Level 2.4 Spellcasting
 + Level 1.8 Transmutations
 + Level 4.0 Poison Magic


You had 4 spell levels left.
You knew the following spells:

 Your Spells              Type           Power        Failure   Level
a - Sting                 Tmut/Pois      ##..         5%          1

Your spell library contained the following spells:

 Spells                   Type           Power        Failure   Level
 Poisonous Vapours        Pois/Air       #.....       12%         2
 Ignite Poison            Fire/Tmut/Pois #.......     26%         3
 Mephitic Cloud           Conj/Pois/Air  #.......     32%         3
 Olgreb's Toxic Radiance  Pois           ###.....     34%         4


Dungeon Overview and Level Annotations

Branches:
Dungeon (1/15)

Altars:


Innate Abilities, Weirdness & Mutations

You cannot wear most types of armour.
You are very stealthy in the water. (Stealth+)
You are amphibious.
You can wear up to eight rings at the same time.
You can use your tentacles to constrict eight enemies at once.
Your skin changes colour to match your surroundings (Stealth+).
Your rubbery body absorbs attacks. (AC +1, EV +1)


Message History

No target in view!
Items here: ††††.
You see here a runed spear.
e - a runed spear It sticks to your tentacle!
e - a cursed -1 spear (weapon)
As you read the scroll labeled KOEFUWKUOL, it crumbles to dust.
You feel aware of your surroundings.
It was a scroll of magic mapping.
Blink to where?
Press: ? - help, Dir - move target cursor, f - you Are you sure you want to cancel this blink?
Okay, then.
As you read the scroll labeled PASOMUMI WOED, it crumbles to dust.
It was a scroll of blinking.
You start putting on your amulet.
You continue putting on your blackened copper amulet. x5
You finish putting on your cursed amulet of inaccuracy.
Oops, that amulet feels deathly cold.
d - a cursed amulet of inaccuracy (around mantle) Are you sure you want to abandon this character and quit the game? (Confirm with "yes".)

♣♣ *,,,,$.....#.####.#...# *,,,,,,,
♣ *****####.........#.#.#######***
♣ #..##.##....#.......#,,,
#..##.##.......####.#*,* ******
#..##.##..........#,,,,,
*,,,,****#..##.######...##.#***,*
****,*,*,,,.,,*#†# #......# *,*
,,,*,*,*,*##.###.######..##### *,#
,*,*,*,*,*,#.....@.......########.#
,*,*,*,*,#...............#........#
,*,*,*,*,#.######.######.#........#
,*,*,*,*,*,* #..................#
,,,,,,,,,,,* #..######.#........#
######.#.*** #...#####.#........#
.........##### #.#.##.......###+#.#
.#####.......###.#.##.......# *,*,*
.................#..#†......# *,*,*


There were no monsters in sight!

Vanquished Creatures
  6 bats (D:1)
  A giant cockroach (D:1)
  3 goblins (D:1)
  2 hobgoblins (D:1)
  3 jackals (D:1)
  2 frilled lizards (D:1)
  A kobold (D:1)
  2 rats (D:1)
20 creatures vanquished.

Notes
Turn   | Place    | Note
-------+----------+-------------------------------------------
     0 | D:1      | tape the Octopode Venom Mage began the quest for the Orb.
     0 | D:1      | Reached XP level 1. HP: 11/11 MP: 3/3
   185 | D:1      | Reached XP level 2. HP: 11/17 MP: 1/5
   343 | D:1      | Reached skill level 4 in Poison Magic
   457 | D:1      | Quit the game

Illustrated notes

Levels and vault maps discovered:
D:1:      sevenhm_arrival_forest_fort_large_4, layout_basic

Skill      XL: |  1  2 |
---------------+-------+-----
Poison Magic   | 4 |  4.0
Dodging        | |  2.0
Stealth        | |  2.6
Spellcasting   | |  2.4
Transmutations | |  1.8

Action                   || total
-------------------------++-------
Melee: Unarmed           ||    12
       Constrict         ||    11
       Tentacles         ||     6
       Dagger            ||    21
 Cast: Sting             ||     8
  Use: Scroll            ||     2
 Stab: Sleeping          ||     3
Armor: Skin              ||     2
Dodge: Dodged            ||    34

Table legend: (Time is in decaauts)
 A = Elapsed time spent in this place.
 B = Non-inter-level travel time spent in this place.
 C = Inter-level travel time spent in this place.
 D = Time resting spent in this place.
 E = Time spent auto-exploring this place.
 F = Levels seen in this place.
 G = Mean time per level.
                   A        B        C        D        E       F      G
               +--------+--------+--------+--------+--------+-----+--------+
         Total |    456 |    456 |      0 |    204 |    118 |   1 |  456.0 |
       Dungeon |    456 |    456 |      0 |    204 |    118 |   1 |  456.0 |
               +--------+--------+--------+--------+--------+-----+--------+

Top non-repeatable levels by time:
     D:1: 456 daAuts
